 Dungeon Crawl Stone Soup version 0.32-a0-699-g1ee5eff69a (webtiles) character file.

Game seed: 10331711000773772497

89 Fodor the Covered (level 4, -1/39 (41) HPs)
             Began as a Minotaur Fighter on Mar 13, 2024.
             Was an Initiate of Gozag.
             Slain by an orc
             ... wielding a +4 flail of draining
              (7 damage)
             ... on level 3 of the Dungeon.
             The game lasted 00:03:35 (1754 turns).

Fodor the Covered (Minotaur Fighter)                Turns: 1754, Time: 00:03:37

HP:   -1/39 (41)    AC:  9    Str: 23    XL:     4   Next: 31%
MP:   3/3           EV:  7    Int:  5    God:    Gozag
Gold: 132           SH:  4    Dex:  9    Spells: 3/3 levels left

rFire   . . .        a - +0 war axe
rCold   . . .        c - +0 buckler
rNeg    . . .        b - +0 chain mail
rPois   .            (helmet restricted)
rElec   .            (no cloak)
rCorr   .            (no gloves)
SInv    .            (no boots)
Will    .....        (no amulet) Stlth
                     (no ring)
HPRegen 0.26/turn    (no ring)
MPRegen 0.08/turn

%: no passive effects
@: gold aura, hasted, lightly drained, very quick
A: horns 2, retaliatory headbutt
a: Renounce Religion, Potion Petition, Call Merchant, Bribe Branch


You were on level 3 of the Dungeon.
You worshipped Gozag.
Gozag was aware of your devotion.
You visited 1 branch of the dungeon, and saw 3 of its levels.

You collected 172 gold pieces.
You paid 40 gold pieces to Gozag.

Inventory:

Hand Weapons
 a - a +0 war axe (weapon)
Armour
 b - a +0 chain mail (worn)
 c - a +0 buckler (worn)
Wands
 k - a wand of flame (17)
Scrolls
 e - a scroll of noise {unknown}
 g - a scroll of amnesia {unknown}
 h - 2 scrolls of blinking {unknown}
 i - 3 scrolls of enchant armour {unknown}
 j - a scroll of revelation {unknown}
Potions
 d - a potion of might
 f - a potion of cancellation


   Skills:
 + Level 4.3 Fighting
 + Level 3.3 Axes
 + Level 4.7 Armour
 + Level 0.4 Dodging
 + Level 4.1 Shields


You had 3 spell levels left.
You didn't know any spells.
Your spell library was empty.

Dungeon Overview and Level Annotations

Branches:
Dungeon (3/15)

Altars:
Gozag


Innate Abilities, Weirdness & Mutations

You have a pair of horns on your head.
You reflexively headbutt those who attack you in melee.


Message History

An orc comes into view. It is wielding a +0 dagger.
An orc comes into view. It is wielding a +4 flail of draining.
An orc wizard comes into view. It is wielding a +0 dagger.
Something hits you but does no damage.
You miss something. Something hits you but does no damage.
You miss something. Your headbutt misses something. You hit the orc.
You hear some strange, mumbled words.
A magic dart appears from out of thin air!
The magic dart hits you!
You closely miss something. You closely miss the orc. Something hits you.
The orc wizard points at you and mumbles some strange words.
You are confused.
The orc hits you with a +0 falchion. x2; The orc barely misses you.
Something hits you but does no damage.
You barely miss something. You closely miss the orc. You miss the orc wizard.
You hit the orc.
You kill the orc!
The orc wizard hits you but does no damage.
Something hits you but does no damage. The orc hits you but does no damage.
The orc attacks as it pursues you!
The orc hits you with a +4 flail of draining!
* * * LOW HITPOINT WARNING * * *
You feel drained.
* * * LOW HITPOINT WARNING * * *
The orc wizard hits you but does no damage.
You barely miss the orc wizard. You closely miss the orc.
The orc wizard casts a spell at you.
You are more confused.
It was a potion of cancellation.
Your magical effects are unravelling.
You feel magically purged.
You feel less confused. The orc barely misses you.
It was a potion of haste.
You feel yourself speed up. The orc barely misses you.
The orc wizard hits you with a +0 dagger.
* * * LOW HITPOINT WARNING * * *
The orc hits you with a +4 flail of draining!
You die...
Your body crumbles into a pile of gold.

.... #.. ... ...
.. .. ..##.. ..#
..# #..#.###..##
...##.....#.....
...#..............
..........{.......
....#...$o........
...#....o@o......
.......).........
..#............. .
##............
##...........
##..<.........
##...##..##....
####...###........
#................


You could see an orc wizard and 2 orcs.

Vanquished Creatures
  Jessica (D:2)
  2 adders (D:2)
  A ribbon worm (D:2)
  An orc (D:3)
  3 endoplasms
  2 giant cockroaches (D:1)
  5 goblins
  7 hobgoblins
  3 jackals (D:1)
  4 kobolds
  4 bats
  A frilled lizard (D:2)
  7 rats
41 creatures vanquished.

Notes
Turn   | Place    | Note
-------+----------+-------------------------------------------
     0 | D:1      | Fodor the Minotaur Fighter began the quest for the Orb.
     0 | D:1      | Reached XP level 1. HP: 19/19 MP: 0/0
   195 | D:1      | Reached XP level 2. HP: 27/27 MP: 1/1
   930 | D:2      | Reached XP level 3. HP: 33/33 MP: 2/2
  1243 | D:2      | Found an opulent altar of Gozag.
  1244 | D:2      | Noticed Jessica
  1247 | D:2      | Killed Jessica
  1253 | D:2      | Became a worshipper of Gozag Ym Sagoz the Greedy
  1322 | D:2      | Reached XP level 4. HP: 41/41 MP: 3/3
  1754 | D:3      | Slain by an orc

Illustrated notes

Levels and vault maps discovered:
D:1:      orjb1_clovarrival, layout_loops_corners, st_stairs_8
D:2:      layout_basic, basic_altar, minmay_mini_jars, uniq_jessica
D:3:      layout_rooms, nicolae_hepliaklqana_hazy_memory,
          nicolae_tso_besieged_by_evil, serial_shops,
          nicolae_shop_hallway_stairs

Skill      XL: |  1  2  3 |
---------------+----------+-----
Fighting       | 4 |  4.3
Armour         | 4 |  4.7
Shields        | 4 |  4.1
Axes           | 3 |  3.3
Dodging        | |  0.4

Action                     |  1- 3 |  4- 6 || total
---------------------------+-------+-------++-------
  Melee: War axe           |    77 |    11 ||    88
         Headbutt          |    11 |       ||    11
    Use: Potion            |       |     2 ||     2
 Armour: Scale mail        |    20 |       ||    20
         Chain mail        |    48 |    23 ||    71
  Dodge: Dodged            |    30 |     4 ||    34
  Block: Buckler           |    19 |     2 ||    21

Table legend: (Time is in decaauts)
 A = Elapsed time spent in this place.
 B = Non-inter-level travel time spent in this place.
 C = Inter-level travel time spent in this place.
 D = Time resting spent in this place.
 E = Time spent auto-exploring this place.
 F = Levels seen in this place.
 G = Mean time per level.
                   A        B        C        D        E       F      G
               +--------+--------+--------+--------+--------+-----+--------+
         Total |   1805 |   1780 |     25 |      0 |   1372 |   3 |  601.7 |
       Dungeon |   1805 |   1780 |     25 |      0 |   1372 |   3 |  601.7 |
               +--------+--------+--------+--------+--------+-----+--------+

Top non-repeatable levels by time:
     D:2: 898 daAuts
     D:1: 883 daAuts
     D:3: 24 daAuts
